 Dungeon Crawl Stone Soup version 0.30.1-3-gfc49f6343a (webtiles) character file.

Game seed: 13958812824236291293

11933 FishyPogo the Reanimator (level 11, 0/81 HPs)
             Began as a Demonspawn Necromancer on July 23, 2023.
             Was an Elder of Qazlal.
             Killed by vampiric draining
             ... invoked by a vampire
              (13 damage)
             ... on level 10 of the Dungeon.
             The game lasted 01:05:56 (9269 turns).

FishyPogo the Reanimator (Demonspawn Necromancer)   Turns: 9269, Time: 01:05:57

Health: 0/81       AC: 11    Str:  8      XL:     11   Next: 55%
Magic:  0/20       EV: 19    Int: 29 (30) God:    Qazlal [****..]
Gold:   574        SH:  5    Dex: 10      Spells: 1/19 levels left

rFire   x . .        a - +4 dagger (vamp)
rCold   + + +        (no shield)
rNeg    . . .        M - +0 robe {Archmagi}
rPois   .            D - +1 hat
rElec   +            F - +0 cloak
rCorr   +            I - +0 pair of gloves
SInv    .            t - +0 pair of boots
Will    .....        (no amulet)
Stlth   ++           K - ring "Acri" {rElec rC+++ Int+6 Dex-3 Stlth+}
HPRegen 2.33/turn    q - +5 ring of evasion
MPRegen 0.34/turn

%: repel missiles, guardian spirit, archmagi
@: animating dead
A: yellow scales 3, powered by death 1, magic shield, magic regeneration,
demonic touch 1, clever 1, high MP 1, shaggy fur 1, heat vulnerability 1,
subdued magic 1
a: Renounce Religion, Upheaval, Elemental Force


You were on level 10 of the Dungeon.
You worshipped Qazlal.
Qazlal was greatly pleased with you.
You visited 1 branch of the dungeon, and saw 10 of its levels.
You also visited: Ossuary.

You collected 574 gold pieces.

Inventory:

Hand Weapons
 a - a +4 vampiric dagger (weapon)
 b - a +2 spear of pain
 J - a +3 spear
 N - a +2 scimitar of flaming
Missiles
 i - 59 stones
 o - 13 boomerangs (quivered)
 B - 3 atropa-tipped darts
 C - 18 poisoned darts
Armour
 p - a +0 troll leather armour
 t - a +0 pair of boots (worn)
 D - a +1 hat (worn)
 F - a +0 cloak (worn)
 I - a +0 pair of gloves (worn)
 M - a +0 robe of the Archmagi (worn)
 T - a +2 robe
 U - the +7 ring mail "Qefoutua" {rPois MP+9}
   (You found it on level 9 of the Dungeon)

   rPois:     It protects you from poison.
   MP:        It affects your magic capacity (+9).
Jewellery
 g - a ring of willpower
 h - a ring of willpower
 q - a +5 ring of evasion (right hand)
 r - a ring of positive energy
 K - the ring "Acri" (left hand) {rElec rC+++ Int+6 Dex-3 Stlth+}
   (You took it off a gnoll bouda on level 7 of the Dungeon)

   [ring of intelligence]

   Int:       It affects your intelligence (+6).
   Dex:       It affects your dexterity (-3).
   rC:        It renders you almost immune to cold.
   rElec:     It insulates you from electricity.
   Stlth:     It makes you more stealthy.
Wands
 k - a wand of mindburst (12)
 A - a wand of polymorph (14)
 P - a wand of iceblast (12)
 R - a wand of flame (10)
Scrolls
 d - 4 scrolls of teleportation
 e - a scroll of enchant armour
 v - 5 scrolls of vulnerability
 x - 3 scrolls of identify
 y - a scroll of blinking
 E - a scroll of summoning
 G - 2 scrolls of enchant weapon
 O - a scroll of fog
 Q - a scroll of immolation
 V - a scroll of poison {unknown}
Potions
 c - 2 potions of brilliance
 f - a potion of curing
 j - 2 potions of lignification
 l - 5 potions of mutation
 m - 2 potions of invisibility
 n - a potion of haste
 s - 2 potions of might
 u - 3 potions of heal wounds
 w - 2 potions of attraction
 z - a potion of berserk rage
 H - a potion of resistance
 L - 2 potions of ambrosia
 S - a potion of degeneration


   Skills:
 + Level 6.2 Fighting
 + Level 7.9 Polearms
 * Level 0.1 Armour
 * Level 6.9 Dodging
 - Level 2.0 Stealth
 - Level 5.0 Unarmed Combat
 + Level 4.9 Spellcasting
 + Level 2.9 Conjurations
 - Level 10.0 Necromancy
 - Level 3.0 Translocations
 * Level 0.1 Ice Magic
 + Level 2.0 Air Magic
 + Level 6.1 Invocations


You had one spell level left.
You knew the following spells:

 Your Spells              Type           Power      Damage    Failure   Level
a - Necrotise             Necr           100%       1d9       1%          1
b - Vampiric Draining     Necr           66%        2d10      1%          3
c - Animate Dead          Necr           66%        N/A       1%          4
d - Agony                 Necr           66%        N/A       1%          5
e - Blink                 Tloc           56%        N/A       1%          2
f - Ozocubu's Armour      Ice            9%         N/A       16%         3

Your spell library contained the following spells:

 Spells                   Type           Power      Damage    Failure   Level
 Magic Dart               Conj           100%       1d8       1%          1
 Slow                     Hex            32%        N/A       4%          1
 Cigotuvi's Dreadful Rot  Necr/Pois/Air  70%        N/A       1%          2
 Searing Ray              Conj           56%        2d6       1%          2
 Dispel Undead            Necr           66%        3d23      1%          4
 Gell's Gravitas          Tloc           28%        N/A       4%          3
 Teleport Other           Tloc           28%        N/A       4%          3
 Anguish                  Hex/Necr       20%        N/A       6%          4
 Death Channel            Necr           33%        N/A       13%         6
 Confusing Touch          Hex            8%         N/A       16%         3
 Ignite Poison            Fire/Tmut/Pois 8%         N/A       16%         3
 Manifold Assault         Tloc           28%        N/A       16%         4
 Fulminant Prism          Conj/Hex       9%         3d6       30%         4
 Animate Armour           Summ/Erth      16%        N/A       50%         4
 Cause Fear               Hex            4%         N/A       50%         4
 Petrify                  Tmut/Erth      8%         N/A       50%         4
 Freezing Cloud           Conj/Ice/Air   9%         6-21      61%         5
 Irradiate                Conj/Tmut      9%         3d14      63%         5
 Simulacrum               Ice/Necr       21%        N/A       71%         6
 Metabolic Englaciation   Hex/Ice        4%         N/A       83%         5
 Alistair's Intoxication  Tmut/Pois      5%         N/A       85%         5
 Blade Hands              Tmut           4%         N/A       85%         5
 Dispersal                Tloc           14%        N/A       95%         6
 Iron Shot                Conj/Erth      9%         9d3       99%         6
 Enfeeble                 Hex            4%         N/A       100%        7
 Storm Form               Tmut/Air       7%         N/A       100%        7


Dungeon Overview and Level Annotations

Branches:
Dungeon (10/15)            Temple (0/1) D:4         Ossuary (visited)
   Lair: D:8-11         Orc: D:9-12

Altars:
Ashenzari
Cheibriados
Fedhas
Gozag
Qazlal
Uskayaw
Wu Jian

Shops:
D:8 :   D:9 [


Innate Abilities, Weirdness & Mutations

You are completely covered in yellow scales. (AC +4, rCorr)
You regenerate a little health from kills.
When hurt, damage is shared between your health and your magic reserves.
You regenerate magic rapidly.
Your touch may inflict minor irresistible damage on your foes.
Your mind is acute. (Int +4, Str/Dex -1)
You have an increased reservoir of magic. (+10% MP)
You are covered in fur. (AC +1)
You are vulnerable to heat. (rF-)
Your spells are a little easier to cast, but a little less powerful.


Message History

Something hits you but does no damage. Something barely misses you.
You bump into the rock wall.
You feel less confused. Something barely misses you. Something bites you.
Something draws strength from your injuries!
The yak gores you!
* * * LOW HITPOINT WARNING * * *
The shadow barely misses you. Something hits you but does no damage.
Something closely misses you. The yak attacks as you move away!
The yak closely misses you.
You hit the yak.
The yak writhes in agony.
You touch the yak!
The yak is moderately wounded.
The yak gores you but does no damage.
Casting: Animate Dead (mildly dangerous; 1% risk of failure)
Confirm with . or Enter, or press ? or * to list all spells.
You feel a surge of power!
You call upon the dead to rise.
The yak gores you but does no damage.
You hit the yak.
The yak writhes in agony.
You touch the yak!
The yak is severely wounded.
The yak completely misses you.
You hit the yak.
The yak writhes in agony.
The yak is almost dead.
You feel a sense of dread.
a - a +4 vampiric dagger (weapon)
The yak gores you!
* * * LOW HITPOINT WARNING * * *
The shadow is engulfed in blazing flames.
You hit the yak.
The yak is almost dead.
The yak completely misses you.
The shadow is engulfed in blazing flames.
You hit the yak.
You kill the yak!
Qazlal accepts your kill.
The dead are walking!
The shadow is engulfed in blazing flames.
You destroy the shadow!
Qazlal accepts your kill. Something draws life force from you!
You die...

#.......
#......
#..... #....
#...#
#..Z#######.
#.○°........
###.#.......
#@#.####..
#.#.#
####.#.#
#....#.#
#.#..#..
#.#..######
#...........
#<.#######..
##.#


You could see a friendly yak zombie.

Vanquished Creatures
  Erica (D:8)
  Amaemon (D:9)
  The ghost of nawrastar the Poker, a novice OpFi of Okawaru (D:7)
  An orange demon (D:8)
  Psyche (D:9)
  A queen bee (D:7)
  A troll (D:5)
  Grinder (D:6)
  Prince Ribbit (D:8)
  Sigmund (D:2)
  A shadow (D:10)
  8 yaks
  2 wyverns (D:9)
  Grum (D:8)
  Menkaure (D:5)
  Edmund (D:5)
  A water moccasin (D:6)
  4 orc warriors
  2 sky beasts
  A black bear (D:6)
  An ogre (D:5)
  2 centaurs
  3 wolves (D:8)
  A kobold brigand (D:9)
  A bullfrog (D:7)
  A gnoll sergeant (D:6)
  11 scorpions
  12 wights
  2 yak zombies
  A demonspawn zombie (D:9)
  28 killer bees
  A queen bee zombie (D:7)
  4 howler monkeys
  3 wolf zombies (D:8)
  2 electric eels (D:7)
  5 human zombies
  A jelly (D:6)
  3 lava snakes
  A black bear zombie (D:6)
  2 gnoll boudas
  5 hounds
  6 orc priests
  9 orc wizards
  3 sleepcaps
  A scorpion zombie (Ossuary)
  14 killer bee zombies
  A hound zombie (D:6)
  3 mummies (Ossuary)
  A howler monkey zombie (D:8)
  19 gnolls
  6 adders
  A shadow imp (D:8)
  An adder zombie (D:6)
  A jelly zombie (D:6)
  2 lava snake zombies (D:9)
  A worm (D:6)
  2 dart slugs
  28 orcs
  9 bats
  5 endoplasms
  A giant cockroach (D:1)
  6 goblins
  5 hobgoblins
  A jackal (D:1)
  4 quokkas
  6 ball pythons
  A frilled lizard (D:2)
  6 gnoll zombies
  A goblin zombie (Ossuary)
  4 hobgoblin zombies (Ossuary)
  9 kobolds
  5 kobold zombies
  12 orc zombies
  4 rats
300 creatures vanquished.

Vanquished Creatures (collateral kills)
  An orange crystal statue (D:9)
  4 yaks (D:9)
  A wolf (D:8)
  A wight (D:7)
  7 killer bees
  A hound (D:6)
  A jelly (D:6)
  2 orc priests
  A sleepcap (D:8)
  An orc wizard (D:8)
  A gnoll (D:4)
  A dart slug (D:3)
  2 orcs
  A bat (D:1)
  A hobgoblin (D:1)
  A jackal (D:1)
  A ball python (D:2)
28 creatures vanquished.

Vanquished Creatures (others)
  A human zombie (D:8)
  A wyvern zombie (D:9)
  A yak zombie (D:8)
  A wolf zombie (D:8)
  10 killer bee zombies
  13 orc zombies
  4 gnoll zombies
  2 kobold zombies (D:9)
33 creatures vanquished.

Grand Total: 361 creatures vanquished

Notes
Turn   | Place    | Note
-------+----------+-------------------------------------------
     0 | D:1      | FishyPogo the Demonspawn Necromancer began the quest for
                  | the Orb.
     0 | D:1      | Reached XP level 1. HP: 13/13 MP: 3/3
   120 | D:1      | Gained mutation: You regenerate a little health from kills.
                  | [demonic ancestry]
   120 | D:1      | Reached XP level 2. HP: 19/19 MP: 0/5
   422 | D:1      | Gained mutation: You are partially covered in yellow
                  | scales. (AC +2) [demonic ancestry]
   422 | D:1      | Reached XP level 3. HP: 24/24 MP: 6/6
   426 | D:1      | Learned a level 3 spell: Vampiric Draining
   887 | D:2      | Reached skill level 5 in Necromancy
  1040 | D:2      | Noticed Sigmund
  1052 | D:2      | Killed Sigmund
  1053 | D:2      | Gained mutation: Your touch may inflict minor irresistible
                  | damage on your foes. [demonic ancestry]
  1053 | D:2      | Reached XP level 4. HP: 23/30 MP: 0/9
  1053 | D:2      | Gained mutation: You are mostly covered in yellow scales.
                  | (AC +3) [demonic ancestry]
  1053 | D:2      | Reached XP level 5. HP: 27/35 MP: 0/10
  1201 | D:2      | Found a faded altar of an unknown god.
  1931 | D:3      | Gained mutation: You regenerate magic rapidly. [demonic
                  | ancestry]
  1931 | D:3      | Reached XP level 6. HP: 41/41 MP: 4/11
  2178 | D:3      | Found a hide-covered altar of Uskayaw.
  2584 | D:4      | Reached skill level 1 in Fighting
  2592 | D:4      | Reached skill level 1 in Unarmed Combat
  2673 | D:3      | Found a blossoming altar of Fedhas.
  2673 | D:3      | Found an opulent altar of Gozag.
  2673 | D:3      | Found an ornate altar of the Wu Jian Council.
  2673 | D:3      | Found a stormy altar of Qazlal.
  2685 | D:3      | Became a worshipper of Qazlal Stormbringer
  2695 | D:4      | Found a staircase to the Ecumenical Temple.
  2762 | D:4      | Found a sand-covered staircase.
  2771 | Ossuary  | Entered an ossuary
  2807 | Ossuary  | Reached skill level 6 in Necromancy
  2897 | Ossuary  | Reached skill level 1 in Polearms
  2909 | Ossuary  | Gained mutation: When hurt, damage is shared between your
                  | health and your magic reserves. [demonic ancestry]
  2909 | Ossuary  | Reached XP level 7. HP: 37/48 MP: 7/13
  3086 | Ossuary  | Reached * piety under Qazlal
  3136 | Ossuary  | Gained mutation: You are completely covered in yellow
                  | scales. (AC +4, rCorr) [demonic ancestry]
  3136 | Ossuary  | Reached XP level 8. HP: 57/57 MP: 14/14
  3227 | D:4      | Reached skill level 7 in Necromancy
  3456 | D:5      | Entered Level 5 of the Dungeon
  3459 | D:5      | Noticed Menkaure
  3469 | D:5      | Killed Menkaure
  3841 | D:5      | Learned a level 4 spell: Animate Dead
  3846 | D:5      | Noticed a troll
  3855 | D:5      | Noticed Edmund
  3866 | D:5      | Gained mutation: You have hidden genetic potential. [potion
                  | of mutation]
  3866 | D:5      | Gained mutation: You are vulnerable to heat. (rF-) [potion
                  | of mutation]
  3866 | D:5      | Gained mutation: Your spells are a little easier to cast,
                  | but a little less powerful. [potion of mutation]
  3866 | D:5      | Gained mutation: Your mind is acute. (Int +4, Str/Dex -1)
                  | [potion of mutation]
  3876 | D:5      | Killed a troll
  3910 | D:5      | Killed Edmund
  3998 | D:5      | Your ally Edmund died
  4184 | D:6      | Reached skill level 8 in Necromancy
  4217 | D:6      | Reached skill level 5 in Dodging
  4217 | D:6      | Reached XP level 9. HP: 64/64 MP: 11/15
  4223 | D:6      | Learned a level 5 spell: Agony
  4288 | D:6      | HP: 2/65 [orc priest/divine providence (13)]
  4438 | D:6      | Found a broken altar of Ashenzari.
  4469 | D:6      | Reached ** piety under Qazlal
  4493 | D:6      | Gained mutation: You are covered in fur. (AC +1) [hidden
                  | potential]
  4540 | D:6      | Learned a level 2 spell: Blink
  4589 | D:6      | Noticed Grinder
  4598 | D:6      | Killed Grinder
  4599 | D:6      | Reached skill level 5 in Polearms
  4627 | D:6      | Reached skill level 1 in Invocations
  4772 | D:6      | Reached skill level 1 in Translocations
  4892 | D:6      | Found a snail-covered altar of Cheibriados.
  5128 | D:7      | Reached skill level 9 in Necromancy
  5351 | D:7      | Found a transporter.
  5355 | D:7      | Found a transporter.
  5355 | D:7      | Noticed a queen bee
  5355 | D:7      | Noticed nawrastar's ghost (novice OpFi)
  5687 | D:7      | Reached XP level 10. HP: 73/73 MP: 16/16
  6202 | D:7      | Reached *** piety under Qazlal
  6219 | D:7      | Gained mutation: You have an increased reservoir of magic.
                  | (+10% MP) [hidden potential]
  6219 | D:7      | Lost mutation: You have hidden genetic potential. [hidden
                  | potential expressed]
  6491 | D:7      | Identified the ring "Acri" {rElec rC+++ Int+6 Dex-3 Stlth+}
  6793 | D:7      | Killed nawrastar's ghost
  6794 | D:7      | Reached skill level 5 in Fighting
  6971 | D:8      | Noticed Prince Ribbit
  7008 | D:8      | Killed Prince Ribbit
  7013 | D:8      | Noticed Erica
  7035 | D:8      | Killed Erica
  7118 | D:8      | Reached skill level 10 in Necromancy
  7234 | D:8      | Your ally Erica died
  7437 | D:8      | Noticed Grum
  7454 | D:8      | Killed Grum
  7476 | D:8      | Your ally Grum died
  7480 | D:8      | Found Gosteuh's Book Shoppe.
  7702 | D:8      | Reached skill level 1 in Conjurations
  7702 | D:8      | Reached skill level 1 in Air Magic
  7708 | D:8      | Reached skill level 5 in Unarmed Combat
  7727 | D:8      | Reached **** piety under Qazlal
  7732 | D:8      | Reached XP level 11. HP: 80/80 MP: 19/19
  7749 | D:8      | Reached skill level 5 in Invocations
  8100 | D:9      | Noticed Amaemon
  8175 | D:9      | Killed Amaemon
  8203 | D:9      | Your ally Amaemon died
  8335 | D:9      | Noticed an orange crystal statue
  8367 | D:9      | Noticed Psyche
  8393 | D:9      | Killed Psyche
  8410 | D:9      | Your ally Psyche died
  8442 | D:9      | Killed an orange crystal statue
  8737 | D:9      | Got the Dissertation on Moulding
  9020 | D:9      | Found Jipsus's Antique Armour Emporium.
  9079 | D:9      | Identified the +7 ring mail "Qefoutua" {rPois MP+9}
  9085 | D:9      | Learned a level 3 spell: Ozocubu's Armour
  9224 | D:10     | Entered Level 10 of the Dungeon
  9269 | D:10     | Killed from afar by a vampire

Illustrated notes

Levels and vault maps discovered:
D:1:      dpeg_arrival_orchard, layout_rooms
D:2:      layout_loops_ring, dreamdust_ecumenical_altar_grove, hex_tiny,
          minmay_3d_cube, uniq_sigmund
D:3:      layout_loops_ring, nicolae_overflow_hidden_temple, grunt_ministairs_12
D:4:      layout_rooms, temple_green, enter_ossuary_1, nicolae_underground_beach
D:5:      layout_rooms, zin_statuary, minivault_5, uniq_menkaure, uniq_edmund
D:6:      layout_gridville, cheibrodos_worm_habitat, nicolae_ashenzari_skybound,
          uniq_grinder
D:7:      layout_loops_ring, gammafunk_ghost_hive, grunt_ministairs_11,
          kennysheep_doodads, serial_bayou_ford_a
D:8:      layout_layer_cave, serial_shops, shop, uniq_erica, uniq_grum,
          uniq_prince_ribbit1
D:9:      layout_roguey, serial_shops, shop, grunt_ministairs_5,
          disabler_island, uniq_amaemon, uniq_psyche
D:10:     hangedman_screamer, layout_basic, xom_shifter_show

Skill      XL: |  1  2  3  4  5  6  7  8  9 10 11 |
---------------+----------------------------------+-----
Stealth        | 2 |  2.0
Dodging        | 2 3 4 5 6 |  6.9
Necromancy     | 5 6 8 9 10 | 10.0
Spellcasting   | 3 4 |  4.9
Fighting       | 1 2 3 4 5 6 |  6.2
Unarmed Combat | 1 2 3 4 5 |  5.0
Polearms       | 1 2 4 5 7 |  7.9
Invocations    | 2 4 6 |  6.1
Translocations | 2 3 |  3.0
Conjurations   | 1 2 |  2.9
Air Magic      | 1 2 |  2.0
Armour         | |  0.1
Ice Magic      | |  0.1

Action                     |  1- 3 |  4- 6 |  7- 9 | 10-12 || total
---------------------------+-------+-------+-------+-------++-------
  Melee: Unarmed           |     3 |       |       |       ||     3
         Long sword        |    14 |     7 |       |       ||    21
         Dagger            |       |    56 |    57 |    19 ||   132
         Touch             |       |    14 |    53 |    56 ||   123
         Punch             |       |     3 |     3 |    11 ||    17
         Spear             |       |       |   357 |   446 ||   803
  Throw: Boomerang         |       |       |       |     3 ||     3
   Cast: Necrotise         |    50 |    71 |    30 |    30 ||   181
         Vampiric Draining |       |       |     6 |    10 ||    16
         Animate Dead      |       |       |    10 |    17 ||    27
 Invoke: Upheaval          |       |       |     1 |       ||     1
         Elemental Force   |       |       |       |     2 ||     2
    Use: Scroll            |     2 |     5 |     8 |     4 ||    19
         Potion            |       |       |     9 |     6 ||    15
   Stab: Sleeping          |       |     1 |       |       ||     1
         Distracted        |       |       |       |     4 ||     4
 Armour: Robe              |     7 |    30 |    49 |   124 ||   210
         Skin              |       |       |    50 |       ||    50
  Dodge: Dodged            |    14 |    84 |   277 |   447 ||   822
         Repelled          |       |       |       |     2 ||     2
  Block: Other             |       |       |    24 |    67 ||    91
